 Dungeon Crawl Stone Soup version 0.19-a0-1654-g9d3f708 (webtiles) character file.

45 Amnesiac the Charlatan (level 3, -9/20 HPs)
             Began as a Kobold Artificer on Sept 20, 2016.
             Mangled by an ogre
             ... wielding a +0 giant spiked club
              (21 damage)
             ... on level 4 of the Dungeon.
             The game lasted 00:01:47 (1594 turns).

Amnesiac the Charlatan (Kobold Artificer)           Turns: 1594, Time: 00:01:48

Health: -9/20      AC:  6    Str: 10    XL:     3   Next: 90%
Magic:  7/7        EV: 11    Int: 15    God:
Gold:   45         SH:  0    Dex: 15    Spells: 0 memorised, 2 levels left

rFire  . . .     SeeInvis .     a - +0 short sword
rCold  + . .     Gourm    .     k - +0 scale mail
rNeg   . . .     Faith    .     (shield restricted)
rPois  .         Spirit   .     (no helmet)
rElec  .         Dismiss  .     (no cloak)
rCorr  .         Reflect  .     (no gloves)
MR     .....     Harm     .     (no boots)
Stlth  +.........               (no amulet)
                                n - +3 ring of intelligence
                                j - ring of protection from cold

@: no status effects
A: carnivore 3
a: no special abilities


You were on level 4 of the Dungeon.
You were very full.

You visited 1 branch of the dungeon, and saw 4 of its levels.

You collected 45 gold pieces.

Inventory:

Hand Weapons
 a - a +0 short sword (weapon)
Missiles
 q - 16 bolts
Armour
 k - a +0 scale mail (worn)
Jewellery
 j - a ring of protection from cold (left hand)
 n - a +3 ring of intelligence (right hand)
Wands
 c - a wand of flame (15/48)
 d - a wand of enslavement (15/24)
 e - a wand of random effects (15/48)
Scrolls
 g - 2 scrolls of enchant armour {unknown}
 i - 2 scrolls of identify {unknown}
 m - a scroll of teleportation {unknown}
 o - a scroll of immolation {unknown}
Potions
 b - a potion of mutation {unknown}
 p - 2 potions of heal wounds {unknown}
 r - a potion of lignification {unknown}
 s - a potion of cure mutation {unknown}
Comestibles
 f - 3 meat rations
 h - 2 slices of pizza
 l - a royal jelly


   Skills:
 - Level 1.1 Fighting
 - Level 1.3 Short Blades
 - Level 2.4 Dodging
 - Level 1.3 Stealth
 + Level 5.4 Evocations


You had 2 spell levels left.
You didn't know any spells.

Dungeon Overview and Level Annotations

Branches:
Dungeon (4/15)
 Temple: D:4-7

Altars:


Innate Abilities, Weirdness & Mutations

You are small and have problems with some larger weapons.
You are carnivorous and can eat meat at any time.


Message History

The slug dart hits you!
You open the large door. The dart slug launches a dart at you.
The slug dart hits you!
An ogre comes into view. It is wielding a giant club.
The ogre shouts!
The dart slug launches a dart at you. The slug dart misses you.
There is a large open door here.
Found a glowing blue potion.
Found a bread ration.
Found 11 gold pieces.
Found a stone staircase leading down.
You see here a glowing blue potion.
s - a glowing blue potion An ogre comes into view.
It is wielding a giant spiked club.
The ogre shouts!
Found a chain mail.
The ogre hits you with a giant spiked club!!
Ouch! That really hurt!
You die...

#### ## #.. .# .# ###
###.###. .. ..# #..$....
.# #.# #.#.##.# .#
#.###.#.##.# .#
##.##.%#.##.####.##
#.@...O............
#..O####...####''##
......[......##≈≈≈..≈≈
....#...###..##≈≈≈≈..≈≈
#...##...##..##≈≈≈≈≈..≈≈
#.## #......##≈≈≈≈≈≈..≈≈
# #...####≈≈≈w≈≈≈..≈≈
#.... #≈≈≈≈≈≈≈≈..≈≈ ###
#≈≈≈≈≈≈≈≈..≈≈


You could see 2 ogres.

Vanquished Creatures
  2 adders
  A worm (D:2)
  2 leopard geckos
  A ball python (D:1)
  2 bats
  3 goblins
  2 hobgoblins (D:1)
  3 frilled lizards
  5 kobolds
  A rat (D:3)
22 creatures vanquished.

Notes
Turn   | Place    | Note
-------+----------+-------------------------------------------
     0 | D:1      | Amnesiac the Kobold Artificer began the quest for the Orb.
     0 | D:1      | Reached XP level 1. HP: 12/12 MP: 3/3
    58 | D:1      | Reached skill level 4 in Evocations
   180 | D:1      | Reached XP level 2. HP: 13/16 MP: 5/5
   704 | D:3      | Reached XP level 3. HP: 9/20 MP: 6/6
   938 | D:3      | Reached skill level 5 in Evocations
  1033 | D:4      | HP: 1/20 [poisoned by an adder]
  1580 | D:4      | Noticed an ogre
  1592 | D:4      | Noticed an ogre
  1594 | D:4      | Mangled by an ogre

Vault maps used:
D:1:      grunt_arrival_crossed_arrows, xom_teletrap_fun
D:2:      minitemple
D:4:      kennysheep_big_flooded_room, first_bread, uniq_duvessa

Skill      XL: |  1  2  3 |
---------------+----------+-----
Evocations     | 4 5 |  5.4
Fighting       | |  1.1
Short Blades   | |  1.3
Dodging        | |  2.4
Stealth        | |  1.3

Action                   || total
-------------------------++-------
Melee: Short sword       ||   105
 Stab: Distracted        ||     1
  Eat: Chunk             ||    10
Armor: Leather armour    ||     3
       Scale mail        ||    32
Dodge: Dodged            ||    60
